 Dungeon Crawl Stone Soup version 0.19-a0-1341-g3513869 (webtiles) character file.

67 Leszczynek the Cudgeler (level 4, 0/48 HPs)
             Began as an Ogre Monk on Sept 1, 2016.
             Killed by nerve-wracking pain
             ... invoked by an orc priest
              (8 damage)
             ... on level 3 of the Dungeon.
             The game lasted 00:05:44 (1155 turns).

Leszczynek the Cudgeler (Ogre Monk)                 Turns: 1155, Time: 00:05:45

Health: 0/48       AC:  3    Str: 21    XL:     4   Next: 18%
Magic:  13/13      EV: 10    Int: 10    God:
Gold:   102        SH:  0    Dex: 12    Spells: 0 memorised, 3 levels left

rFire  . . .     SeeInvis .     a - +0 mace
rCold  . . .     Gourm    .     b - +0 robe
rNeg   . . .     Faith    .     (no shield)
rPois  .         Spirit   .     (helmet restricted)
rElec  .         Dismiss  .     (no cloak)
rCorr  .         Reflect  .     (gloves unavailable)
MR     .....     Harm     .     (boots unavailable)
Stlth  ++........               (no amulet)
                                (no ring)
                                h - ring of magical power

@: mighty
A: unfitting armour, tough skin 1
a: no special abilities


You were on level 3 of the Dungeon.
You were not hungry.

You visited 1 branch of the dungeon, and saw 4 of its levels.

You collected 102 gold pieces.

Inventory:

Hand Weapons
 a - a +0 mace (weapon)
Missiles
 g - 4 tomahawks (quivered)
Armour
 b - a +0 robe (worn)
Jewellery
 h - a ring of magical power (left hand)
Scrolls
 c - a scroll of remove curse
 e - a scroll of identify
 j - a scroll of teleportation {unknown}
 m - a scroll of amnesia {unknown}
Potions
 l - a potion of magic
Comestibles
 d - a bread ration
 f - 2 chunks of flesh


   Skills:
 - Level 4.0 Fighting
 + Level 6.5 Maces & Flails
 - Level 2.6 Dodging
 - Level 1.5 Stealth


You had 3 spell levels left.
You didn't know any spells.

Dungeon Overview and Level Annotations

Branches:
Dungeon (4/15)
 Temple: D:4-7

Altars:
Hepliaklqana
Ru
Yredelemnul

Annotations:
D:2 Natasha
D:3 rlgrobin's ghost, amateur FoFi


Innate Abilities, Weirdness & Mutations

You are too large for most types of armour.
You have tough skin. (AC +1)


Message History

The goblin closely misses you. The orc priest hits you.
You closely miss the orc priest.
The orc priest is heavily wounded.
The goblin closely misses you.
The orc priest calls down the wrath of Beogh upon you.
Beogh smites you!
* * * LOW HITPOINT WARNING * * *
You hit the orc priest but do no damage.
The orc priest is heavily wounded.
The goblin hits you.
* * * LOW HITPOINT WARNING * * *
The orc priest closely misses you.
You closely miss the orc priest.
The orc priest is heavily wounded.
The goblin barely misses you. The orc priest barely misses you.
You feel very mighty all of a sudden. The goblin barely misses you.
The orc priest invokes the aid of Beogh against you.
Pain shoots through your body!
You die...

#.##.# 8...8## #.# #....#
.....#### #.# ####.#_
.....>#.# ..# ######.
.....##.# ###.# #...##8.
8...8##.# #...# #...# ##8
##8# #.####†#.#
#...#############......#.#
#......#...........#.###.#
#......#......o@...#.#.#.##
#......##.####g....#.#<...#
####..###.####(....#.#....#
#.........#.....#.#.##.#
#.(.##.##.#.....#.#.##.#
#g#.##.##.#.....#.#....#
#.#..#.##.#####...######
#(##.#.##.....#.### ###(#
.#.######.#.###


You could see an orc priest and a goblin.

Vanquished Creatures
  An adder (D:3)
  2 oozes
  2 giant geckos
  2 orcs (D:3)
  A ball python (D:1)
  A bat (D:3)
  3 giant cockroaches
  3 hobgoblins
  5 jackals (D:1)
  6 kobolds
  4 quokkas
  2 giant newts (D:1)
  7 goblins
  4 rats (D:1)
43 creatures vanquished.

Notes
Turn   | Place    | Note
-------+----------+-------------------------------------------
     0 | D:1      | Leszczynek the Ogre Monk began the quest for the Orb.
     0 | D:1      | Reached XP level 1. HP: 24/24 MP: 1/1
   117 | D:2      | Noticed Natasha
   138 | D:2      | Reached XP level 2. HP: 20/32 MP: 2/2
   252 | D:3      | Reached skill level 5 in Maces & Flails
   373 | D:3      | Reached XP level 3. HP: 23/39 MP: 3/3
   490 | D:3      | Found a basalt altar of Yredelemnul.
   572 | D:3      | Noticed rlgrobin's ghost (amateur FoFi)
   710 | D:1      | Reached skill level 6 in Maces & Flails
   783 | D:1      | Reached XP level 4. HP: 36/48 MP: 4/4
   854 | D:2      | Found a hazy altar of Hepliaklqana.
   993 | D:2      | Found a sacrificial altar of Ru.
  1155 | D:3      | Killed from afar by an orc priest

Vault maps used:
D:1:      nicolae_arrival_washed_ashore, minmay_misc_feat_rows
D:2:      old_standard_altar, nicolae_ru_sacrificial_ziggurat, uniq_natasha
D:3:      nicolae_overflow_hidden_temple, nicolae_overflow_quartered_altars,
          kennysheep_generic_room_5

Skill      XL: |  1  2  3 |
---------------+----------+-----
Maces & Flails | 5 6 |  6.5
Fighting       | |  4.0
Dodging        | |  2.6
Stealth        | |  1.5

Action                   |  1- 3 |  4- 6 || total
-------------------------+-------+-------++-------
Melee: Mace              |   112 |    36 ||   148
  Use: Scroll            |       |     4 ||     4
       Potion            |       |     1 ||     1
 Stab: Distracted        |     1 |       ||     1
  Eat: Chunk             |       |     1 ||     1
Armor: Robe              |    21 |     4 ||    25
Dodge: Dodged            |    59 |    22 ||    81
